 Dungeon Crawl Stone Soup version 0.18-a0-998-gcb3fcb1 (webtiles) character file.

227 M4edhros the Unseen (level 6, 0/38 HPs)
             Began as an Octopode Artificer on Jan 5, 2016.
             Succumbed to poison (a needle trap)
             ... in an ossuary.
             The game lasted 00:04:37 (1176 turns).

M4edhros the Unseen (Octopode Artificer)            Turns: 1176, Time: 00:04:37

Health: 0/38       AC:  5    Str:  8      XL:     6   Next: 2%
Magic:  8/8        EV: 10    Int: 14 (17) God:    Xom [......]
Gold:   148        SH:  8    Dex: 10      Spells: 0 memorised, 5 levels left

rFire  . . .     SeeInvis .     o - +2 dagger (speed)
rCold  . . .     Gourm    .     e - +1 shield
rNeg   . . .     Faith    .     (helmet restricted)
rPois  .         Spirit   .     (no amulet)
rElec  .         Dismiss  .     k - +4 ring of protection
rCorr  .         Reflect  .     (no ring)
SustAt .         Harm     .     (no ring)
MR     .....                    (no ring)
Stlth  ++++++++..               (no ring)
                                (no ring)
                                (no ring)
                                (no ring)

@: lethally poisoned (0 -> -5), not resistant to hostile enchantments,
extraordinarily stealthy
A: almost no armour, amphibious, 8 rings, constrict 8, camouflage 1, clumsy 1,
weak 1, wild magic 1, gelatinous body 1
a: Renounce Religion


You were in an ossuary.
You worshipped Xom.
You were a very special plaything of Xom.
You were hungry.

You visited 1 branch of the dungeon, and saw 4 of its levels.
You also visited: Ossuary.

You collected 148 gold pieces.

Inventory:

Hand Weapons
 a - a +0 short sword
 h - a +2 mace of protection
 o - a +2 dagger of speed (weapon)
Missiles
 j - 79 stones (quivered)
 n - 21 sling bullets
Armour
 e - a +1 shield (worn)
Jewellery
 k - a +4 ring of protection (left tentacle)
 p - a +1 ring of evasion {unknown}
Wands
 b - a wand of flame (15/48)
 c - a wand of enslavement (5/24)
 d - a wand of random effects (13/48)
Scrolls
 g - a scroll of enchant armour
 i - a scroll of remove curse
 m - a scroll of fog
 q - a scroll of immolation
Comestibles
 f - a bread ration
 l - 2 beef jerkies


   Skills:
 - Level 1.0 Fighting
 - Level 1.0 Short Blades
 + Level 2.5 Dodging
 * Level 15.5 Stealth
 * Level 2.1 Shields
 + Level 3.7 Evocations


You had 5 spell levels left.
You didn't know any spells.

Dungeon Overview and Level Annotations

Branches:
Dungeon (4/15)
 Temple: D:4-7

Altars:
Trog
Xom

Shops:
D:4 %


Innate Abilities, Weirdness & Mutations

You cannot wear most types of armour.
You are amphibious.
You can wear up to eight rings at the same time.
You can use your tentacles to constrict eight enemies at once.
Your skin changes colour to match your surroundings (Stealth).
Your rubbery body absorbs attacks (AC +1).
You are clumsy. (Dex -2)
You are weak. (Str -2)
Your spells are a little harder to cast, but a little more powerful.


Message History

You avoid triggering an arrow trap.
There is an arrow trap here.
A poisoned needle shoots out and hits you!
You are lethally poisoned!
* * * LOW HITPOINT WARNING * * *
You feel sick.
There is a needle trap here.
A poisoned needle shoots out and misses you.
* * * LOW HITPOINT WARNING * * *
You feel sick.
There is a needle trap here.
Drink which item? (? for menu, Esc to quit)
It was a potion of degeneration.
There was something very wrong with that liquid.
You feel dopey.
* * * LOW HITPOINT WARNING * * *
You feel sick.
There is an open door here.
You die...
Xom cackles wildly!

####################
§.'^.^'....#.^^#...#
..#^.^#....x^^.'...#
.§#...#....#^^^#@..#
################'###
#^..# #...# #^^^#
#..^# ###'# #...#
#...#


You could see a friendly small abomination (wandering).

Vanquished Creatures
  A hound (D:4)
  An orc wizard (D:4)
  2 big kobold zombies (Ossuary)
  2 adder zombies (Ossuary)
  A worm (D:4)
  An orc (D:4)
  4 giant cockroaches
  A goblin (D:1)
  5 hobgoblins
  2 jackals (D:1)
  3 quokkas
  3 ball pythons
  3 bats
  5 giant newts
  A gnoll zombie (Ossuary)
  2 kobolds (D:1)
  4 kobold zombies (Ossuary)
  3 orc zombies (Ossuary)
  7 rats
51 creatures vanquished.

Vanquished Creatures (collateral kills)
  An orc priest (D:4)
  An orc (D:4)
2 creatures vanquished.

Grand Total: 53 creatures vanquished

Notes
Turn   | Place    | Note
--------------------------------------------------------------
     0 | D:1      | M4edhros the Octopode Artificer began the quest for the Orb.
     0 | D:1      | Reached XP level 1. HP: 13/13 MP: 3/3
   149 | D:1      | Reached XP level 2. HP: 15/18 MP: 4/4
   510 | D:1      | Reached skill level 1 in Shields
   588 | D:2      | Reached XP level 3. HP: 23/23 MP: 5/5
   626 | D:2      | Found a shimmering altar of Xom.
   636 | D:2      | Became a worshipper of Xom of Chaos
   699 | D:3      | XOM: silly message
   756 | D:3      | XOM: harmless Necr miscast
   776 | D:4      | Found a sand-covered staircase.
   781 | D:4      | Gained mutation: Your spells are a little harder to cast, but a little more powerful. [potion of mutation]
   781 | D:4      | Gained mutation: You are weak. (Str -2) [potion of mutation]
   781 | D:4      | Gained mutation: You are clumsy. (Dex -2) [potion of mutation]
   801 | D:4      | Found Nigaah's Food Emporium.
   804 | D:4      | Found a bloodstained altar of Trog.
   853 | D:4      | Reached XP level 4. HP: 23/28 MP: 6/6
   885 | D:4      | XOM: potion effect (experience)
   885 | D:4      | Reached skill level 15 in Stealth
   885 | D:4      | Reached XP level 5. HP: 17/33 MP: 7/7
  1009 | D:4      | XOM: silly message
  1081 | Ossuary  | XOM: noise
  1081 | Ossuary  | Entered an ossuary
  1134 | Ossuary  | Reached XP level 6. HP: 34/38 MP: 8/8
  1147 | Ossuary  | XOM: medium Summ miscast
  1150 | Ossuary  | XOM: smoke on damage
  1174 | Ossuary  | HP: 1/38 [poison (a needle trap)]
  1176 | Ossuary  | Succumbed to poison (a needle trap)

Vault maps used:
D:1:      minmay_arrival_cross, kennysheep_flooded_box
D:2:      xom_teletrap_fun, grunt_temple_overflow_open, first_bread,
          kennysheep_decorative_pillar, minmay_stone_trees_small, minivault_14
D:3:      minmay_misc_feat_plants
D:4:      kennysheep_mini, lightli_ossuary_entry_decrepit_ruins, serial_shops,
          nicolae_shop_trees
Ossuary:  ossuary_tomb_2

Action                   |  1- 3 |  4- 6 || total
-------------------------+-------+-------++-------
Melee: Short sword       |    24 |       ||    24
       Mace              |    45 |     7 ||    52
       Dagger            |       |    29 ||    29
Evoke: Wand              |       |    12 ||    12
  Use: Scroll            |     5 |     1 ||     6
       Potion            |     1 |     3 ||     4
 Stab: Sleeping          |     5 |     7 ||    12
